 Dungeon Crawl Stone Soup version 0.16.0-14-g63f578d (webtiles) character file.

98 Crow the Skirmisher (level 5, -5/41 HPs)
             Began as a Human Berserker on Mar 19, 2015.
             Was a Believer of Trog.
             Killed from afar by Sigmund (8 damage)
             ... with a puff of flame
             ... on level 2 of the Dungeon.
             The game lasted 00:29:51 (1740 turns).

Crow the Skirmisher (Human Berserker)               Turns: 1740, Time: 00:29:51

Health: -5/41      AC:  6    Str: 18    XL:     5   Next: 0%
Magic:  5/5        EV: 11    Int:  8    God:    Trog [**....]
Gold:   87         SH:  0    Dex: 12    Spells: 0 memorised, 4 levels left

rFire  . . .     SeeInvis .     z - +0 flail
rCold  . . .     Clarity  .     A - +0 scale mail
rNeg   . . .     SustAb   .     (no shield)
rPois  .         Gourm    .     (no helmet)
rElec  .         Spirit   .     (no cloak)
rCorr  .         Warding  .     (no gloves)
rMut   .         Stasis   .     (no boots)
MR     .....                    (no amulet)
Stlth  ..........               (no ring)
                                (no ring)

@: not resistant to hostile enchantments, extremely unstealthy
A: no striking features
a: Burn Spellbooks, Berserk, Trog's Hand, Renounce Religion


You were on level 2 of the Dungeon.
You worshipped Trog.
Trog was pleased with you.
You were not hungry.

You visited 1 branch of the dungeon, and saw 2 of its levels.

You collected 87 gold pieces.

Inventory:

Hand weapons
 a - a +0 spear
 d - a +0 short sword
 f - a +0 club
 i - a +0 dagger of venom
 j - a +0 club
 z - a +0 flail (weapon)
Missiles
 g - 47 stones (quivered)
 t - 33 arrows
Armour
 b - a +0 animal skin
 o - a +0 leather armour
 s - a +0 leather armour
 u - a +0 leather armour
 A - a +0 scale mail (worn)
Magical devices
 x - a wand of flame (0)
Scrolls
 h - 3 scrolls of identify {unknown}
 k - a scroll of fear {unknown}
 l - 2 scrolls of random uselessness {unknown}
 m - a scroll of teleportation {unknown}
 n - a scroll of immolation {unknown}
 p - a scroll of enchant weapon {unknown}
 w - a scroll of remove curse {unknown}
 y - 3 scrolls of blinking {unknown}
Potions
 e - a potion of restore abilities {unknown}
 q - 2 potions of flight {unknown}
 r - a potion of curing {unknown}
Comestibles
 c - 2 bread rations
 v - a beef jerky


   Skills:
 * Level 3.6 Fighting
 + Level 0.2 Short Blades
 + Level 3.6 Polearms
 + Level 0.2 Throwing
 + Level 2.0 Armour
 + Level 3.4 Dodging
 + Level 0.4 Stealth


You had 4 spell levels left.
You didn't know any spells.

Dungeon Overview and Level Annotations

Branches:
Dungeon (2/15)

Altars:
Nemelex Xobeh
The Shining One

Annotations:
D:2 Sigmund


Message History

Sigmund misses you.
You hit Sigmund.
Sigmund is moderately wounded.
Sigmund closely misses you.
Sigmund mumbles some strange words.
Sigmund flickers and vanishes!
Deactivating autopickup; reactivate with Ctrl-A.
You completely miss something. Something hits you but does no damage.
Something hits you but does no damage.
Found a glowing golden altar of the Shining One.
You feel less confused. Something hits you but does no damage.
You open the door. Something hits you! Something freezes you.
The magic dart hits you!
* * * LOW HITPOINT WARNING * * *
There is an open door here.
The puff of flame hits you!
* * * LOW HITPOINT WARNING * * *
The puff of flame hits you!
You die...

..............#.###.#####.####.#.
.....>...........................
..............#####.......###....
..###'####..#.# #.......# #..#.
......# #..#.# #.......# #..#.
..†...####).#.#####.......###..#.
..................'..............
.....#####..#######......####..#.
#....# #......@.....#### #..#.
#....# #............# #..#.
#....# #.÷..........# #..#.
#....# #............#######..#.
#...(# #..#####'#####..........
###### #.## #.# #.#####..## #.#
#.# #†# #...## ### ###)#####'##
#..... #..........# #.#.##


There were no monsters in sight!

Vanquished Creatures
  Ijyb (D:2)
  Terence (D:2)
  2 adders (D:2)
  A worm (D:2)
  A giant gecko (D:2)
  14 bats
  A giant cockroach (D:2)
  3 hobgoblins (D:1)
  A ball python (D:1)
  9 goblins
  8 kobolds
  5 rats (D:1)
47 creatures vanquished.

Notes
Turn   | Place    | Note
--------------------------------------------------------------
     0 | D:1      | Crow, the Human Berserker, began the quest for the Orb.
     0 | D:1      | Reached XP level 1. HP: 18/18 MP: 1/1
   219 | D:1      | Reached XP level 2. HP: 24/24 MP: 2/2
   795 | D:1      | Reached XP level 3. HP: 22/29 MP: 3/3
  1004 | D:2      | Acquired Trog's second power
  1126 | D:2      | Noticed Ijyb
  1137 | D:2      | Killed Ijyb
  1137 | D:2      | Reached XP level 4. HP: 28/35 MP: 4/4
  1567 | D:2      | Noticed Terence
  1631 | D:2      | Killed Terence
  1702 | D:2      | Found a sparkling altar of Nemelex Xobeh.
  1703 | D:2      | Noticed Sigmund
  1706 | D:2      | Reached XP level 5. HP: 29/41 MP: 5/5
  1715 | D:2      | Found a glowing golden altar of the Shining One.
  1726 | D:2      | HP: 1/41 [something/puff of flame (9)]
  1740 | D:2      | Killed from afar by Sigmund

Action                   |  1- 3 |  4- 6 || total
-------------------------+-------+-------++-------
Melee: Spear             |    77 |    37 ||   114
       Dagger            |    31 |       ||    31
       Flail             |       |     6 ||     6
Throw: Stone             |    13 |     8 ||    21
  Eat: Bread ration      |       |     1 ||     1
